 Dungeon Crawl Stone Soup version 0.23-a0-448-g1c01f63 (webtiles) character file.

4 Azzok the Sneak (level 1, -3/11 HPs)
             Began as an Octopode Enchanter on Nov 20, 2018.
             Slain by a goblin
             ... wielding a +0 club
              (5 damage)
             ... on level 1 of the Dungeon.
             The game lasted 00:00:24 (235 turns).

Azzok the Sneak (Octopode Enchanter)                 Turns: 235, Time: 00:00:24

Health: -3/11      AC:  1    Str:  7    XL:     1   Next: 70%
Magic:  2/3        EV: 13    Int: 17    God:
Gold:   0          SH:  0    Dex: 12    Spells: 3/4 levels left

rFire    . . .     SeeInvis .   a - +1 dagger
rCold    . . .     Gourm    .   (no shield)
rNeg     . . .     Faith    .   (helmet restricted)
rPois    .         Spirit   .   (no amulet)
rElec    .         Reflect  .   (no ring)
rCorr    .         Harm     .   (no ring)
MR       .....                  (no ring)
Stlth    +++.......             (no ring)
HPRegen  0.03/turn              (no ring)
MPRegen  0.08/turn              (no ring)
                                (no ring)
                                (no ring)

@: no status effects
A: almost no armour, stealthy swim, amphibious, 8 rings, constrict 8, camouflage
1, gelatinous body 1
a: no special abilities


You were on level 1 of the Dungeon.
You were not hungry.

You visited 1 branch of the dungeon, and saw 1 of its levels.

Inventory:

Hand Weapons
 a - a +1 dagger (weapon)
Scrolls
 b - a scroll of remove curse {unknown}
Comestibles
 c - a ration


   Skills:
 * Level 1.2 Short Blades
 + Level 2.1 Dodging
 + Level 4.1 Stealth
 - Level 2.0 Spellcasting
 + Level 3.0 Hexes


You had 3 spell levels left.
You knew the following spells:

 Your Spells              Type           Power        Failure   Level  Hunger
a - Corona                Hex            ##.....      5%          1    #......

Your spell library contained the following spells:

 Spells                   Type           Power        Failure   Level  Hunger
 Ensorcelled Hibernation  Hex/Ice        #.....       16%         2    ###....
 Confuse                  Hex            ##......     17%         3    ###....
 Tukima's Dance           Hex            ##......     17%         3    ###....
 Dazzling Spray           Conj/Hex       #.....       30%         3    ###....


Dungeon Overview and Level Annotations

Branches:
Dungeon (1/15)

Altars:


Innate Abilities, Weirdness & Mutations

You cannot wear most types of armour.
You are very stealthy in the water. (Stealth+)
You are amphibious.
You can wear up to eight rings at the same time.
You can use your tentacles to constrict eight enemies at once.
Your skin changes colour to match your surroundings (Stealth+).
Your rubbery body absorbs attacks. (AC +1, EV +1)


Message History

Ouch! That really hurt!
* * * LOW HITPOINT WARNING * * *
The goblin closely misses you.
There is an open door here.
You close the door.
A goblin opens the door.
Casting: Corona (safe; 5% risk of failure)
Confirm with . or Enter, or press ? or * to list all spells.
Aiming: Corona (safe; 5% risk of failure)
Press: ? - help, Shift-Dir - straight line, f - goblin
Aim: a goblin, wielding a +0 club (chance to defeat MR: 66%)
The goblin is outlined in light.
The goblin completely misses you.
You hit the goblin. You grab the goblin.
The goblin is heavily wounded.
You constrict the goblin, but do no damage.
The goblin hits you but does no damage.
You hit the goblin.
The goblin is severely wounded.
You constrict the goblin, but do no damage.
The goblin hits you with a +0 club.
You die...

▒··········▒
▒▒▒·▒▒▒
▒··········▒▒
·▒a▒·▒H▒
▒···········▒
·▒▒▒·▒▒▒
·(···········▒
·▒x▒·▒n▒
······g·^····▒
·▒▒▒·▒▒▒
···▒▒▒▒▒╬▒▒▒·▒
·▒K▒·▒p▒ K··
▒·▒▒·▒▒▒·▒▒▒ g·
▒▒▒'▒▒·▒h▒·▒m▒
▒···g@·▒▒▒·▒▒▒
▒······▒Q▒·▒e▒
▒······▒▒▒·▒▒▒
╬··)·(·▒o▒·▒g▒
▒····(·▒▒▒'▒▒▒▒▒▒
▒▒▒▒▒▒···▒·▒····▒
▒▒▒▒▒▒▒·········▒
▒·········▒▒▒▒··▒
▒·········▒▒ ▒


You could see a goblin.

Vanquished Creatures
  A giant cockroach (D:1)
  A hobgoblin (D:1)
  A kobold (D:1)
  A rat (D:1)
4 creatures vanquished.

Notes
Turn   | Place    | Note
-------+----------+-------------------------------------------
     0 | D:1      | Azzok the Octopode Enchanter began the quest for the Orb.
     0 | D:1      | Reached XP level 1. HP: 11/11 MP: 3/3
     2 | D:1      | Noticed a spriggan
     2 | D:1      | Noticed a vampire
     4 | D:1      | Noticed a centaur
     4 | D:1      | Noticed a demonspawn
     6 | D:1      | Noticed a human
     8 | D:1      | Noticed a gargoyle
     8 | D:1      | Noticed an ogre
    10 | D:1      | Noticed a troll
    12 | D:1      | Noticed a naga
    12 | D:1      | Noticed a vine stalker
    14 | D:1      | Noticed a halfling
    14 | D:1      | Noticed a draconian
    16 | D:1      | Noticed a formicid
    16 | D:1      | Noticed a minotaur
    18 | D:1      | Noticed an octopode
    18 | D:1      | Noticed a ghoul
    20 | D:1      | Noticed a demigod
    22 | D:1      | Noticed a felid
    22 | D:1      | Noticed a merfolk
    24 | D:1      | Noticed a tengu
    24 | D:1      | Noticed an elf
    26 | D:1      | Noticed a dwarf
   235 | D:1      | Slain by a goblin

Vault maps used:
D:1:      kb_arrival_jail

Action                   || total
-------------------------++-------
Melee: Dagger            ||    14
       Constrict         ||     4
       Tentacles         ||     1
 Cast: Corona            ||     2
 Stab: Sleeping          ||     1
Armor: Skin              ||     1
Dodge: Dodged            ||     7

Table legend:
 A = Non-vault XP
 B = Vault XP
 C = Vault XP percentage of total XP
 D = Non-vault monster count
 E = Vault monster count
 F = Vault count percentage of total count
                 A         B        C        D         E       F
            +---------+---------+-------+---------+---------+-------
      Total |       7 |       0 |   0.0 |       4 |       0 |   0.0
            +---------+---------+-------+---------+---------+-------
        D:1 |       7 |       0 |   0.0 |       4 |       0 |   0.0
            +---------+---------+-------+---------+---------+-------
